 Dungeon Crawl Stone Soup version 0.28.0 (webtiles) character file.

Game seed: 8536787253957333442

13415 ooooo the Covert (level 12, 0/84 HPs)
             Began as an Octopode Conjurer on Feb 13, 2022.
             Was an Initiate of Gozag.
             Slain by a centaur warrior zombie (4 damage)
             ... on level 11 of the Dungeon.
             The game lasted 00:53:21 (22066 turns).

ooooo the Covert (Octopode Conjurer)               Turns: 22066, Time: 00:53:22

Health: 0/84       AC:  1    Str:  8    XL:     12   Next: 5%
Magic:  12/18      EV: 15    Int: 24    God:    Gozag
Gold:   2617       SH:  0    Dex: 10    Spells: 6/19 levels left

rFire   . . .      SeeInvis .   w - +2 short sword (venom)
rCold   + . .      Faith    .   (no shield)
rNeg    . . .      Spirit   .   (helmet restricted)
rPois   .          Reflect  .   (no amulet)
rElec   .          Harm     .   d - ring of protection from cold
rCorr   .          Rampage  .   (no ring)
Will    .....                   (no ring)
Stlth   +++.......              (no ring)
HPRegen 0.24/turn               (no ring)
MPRegen 0.16/turn               (no ring)
                                (no ring)
                                (no ring)

@: confused, ambrosia-drunk
A: almost no armour, amphibious, 8 rings, camouflage 1, gelatinous body 1,
(nimble swimmer 1), tentacles
a: Renounce Religion, Potion Petition, Call Merchant, Bribe Branch


You were on level 11 of the Dungeon.
You worshipped Gozag.
Gozag was most pleased with you.
You visited 2 branches of the dungeon, and saw 12 of its levels.
You also visited: Bailey.

You collected 2686 gold pieces.
You paid 69 gold pieces to Gozag.

Inventory:

Hand Weapons
 s - a +0 hand axe of flaming
 w - a +2 short sword of venom (weapon)
 z - a +3 vampiric dagger
 A - a +4 short sword of electrocution
 J - a +0 rapier of electrocution
Jewellery
 d - a ring of protection from cold (left tentacle)
 j - a ring of flight
Wands
 k - a wand of mindburst (13)
 u - a wand of digging (1)
 x - a wand of acid (1)
 y - a wand of flame (32)
Scrolls
 o - a scroll of amnesia
 q - 2 scrolls of enchant armour
 t - 2 scrolls of immolation
 v - 2 scrolls of teleportation
 B - a scroll of vulnerability
 E - 4 scrolls of enchant weapon
 F - a scroll of acquirement
 G - 5 scrolls of summoning
Potions
 a - 5 potions of heal wounds
 b - 6 potions of curing
 c - 2 potions of haste
 e - a potion of might {unknown}
 f - 3 potions of ambrosia
 g - a potion of berserk rage {unknown}
 h - 5 potions of flight
 i - 2 potions of attraction
 l - 3 potions of brilliance {unknown}
 n - a potion of lignification
 p - 3 potions of cancellation {unknown}
 r - 4 potions of mutation {unknown}
 D - 2 potions of magic {unknown}
 I - a potion of resistance {unknown}


   Skills:
 + Level 8.3 Fighting
 + Level 8.8 Dodging
 + Level 12.4 Stealth
 - Level 4.2 Spellcasting
 * Level 12.1 Conjurations
 - Level 1.8 Hexes


You had 6 spell levels left.
You knew the following spells:

 Your Spells              Type           Power      Damage    Failure   Level
b - Searing Ray           Conj           100%       2d8       1%          2
c - Fulminant Prism       Conj/Hex       19%        3d11      5%          4
d - Iskenderun's Mystic   Conj/Tloc      34%        2d8       8%          4
m - Mephitic Cloud        Conj/Pois/Air  24%        N/A       5%          3

Your spell library contained the following spells:

 Spells                   Type           Power      Damage    Failure   Level
 Magic Dart               Conj           100%       1d8       1%          1
 Dazzling Flash           Conj/Hex       76%        N/A       1%          3
 Call Imp                 Summ           5%         N/A       14%         2
 Summon Guardian Golem    Hex/Summ       9%         N/A       21%         3
 Gell's Gravitas          Tloc           5%         N/A       28%         3
 Teleport Other           Tloc           5%         N/A       28%         3
 Starburst                Conj/Fire      17%        6d6       77%         6
 Dispersal                Tloc           2%         N/A       100%        6
 Orb of Destruction       Conj           29%        9d9       50%         7
 Spellforged Servitor     Conj/Summ      17%        N/A       100%        7


Dungeon Overview and Level Annotations

Branches:
Dungeon (11/15)            Temple (1/1) D:4             Orc (0/2) D:10
 Bailey (visited)
   Lair: D:8-11

Altars:
Ashenzari
Cheibriados
Dithmenos
Elyvilon
Fedhas
Gozag
Hepliaklqana
Kikubaaqudgha
Makhleb
Nemelex Xobeh
Okawaru
Qazlal
Ru
Sif Muna
Trog
Uskayaw
Vehumet
Wu Jian
Xom
Yredelemnul
Zin
The Shining One

Shops:
D:8 (   D:10 *

Annotations:
D:8 1 runed translucent door
D:10 exclusion: obsidian statue


Innate Abilities, Weirdness & Mutations

You cannot wear most types of armour.
You are amphibious.
You can wear up to eight rings at the same time.
Your skin changes colour to match your surroundings (Stealth+).
Your rubbery body absorbs attacks. (AC +1, EV +1)
((You are camouflaged when in or above water. (Stealth+)))
You have tentacles for arms and can constrict up to eight enemies at once.


Message History

The searing ray hits the centaur warrior zombie!
The centaur warrior zombie is moderately damaged.
The centaur warrior zombie hits you. The centaur warrior zombie kicks you.
The centaur warrior zombie hits you.
* * * LOW HITPOINT WARNING * * *
The centaur warrior zombie kicks you.
* * * LOW HITPOINT WARNING * * *
The centaur warrior zombie hits you.
* * * LOW HITPOINT WARNING * * *
The centaur warrior zombie kicks you.
* * * LOW HITPOINT WARNING * * *
Casting: Searing Ray (safe; 1% risk of failure)
Confirm with . or Enter, or press ? or * to list all spells.
You erupt in a blast of force!
The mystic blast hits the centaur warrior zombie.
The centaur warrior zombie is moderately damaged.
The centaur warrior zombie is knocked back by the mystic blast.
Okay, then.
The centaur warrior zombie hits you.
* * * LOW HITPOINT WARNING * * *
The centaur warrior zombie kicks you.
* * * LOW HITPOINT WARNING * * *
Casting: Iskenderun's Mystic Blast (dangerous; 8% risk of failure)
Confirm with . or Enter, or press ? or * to list all spells.
You erupt in a blast of force!
The mystic blast hits the centaur warrior zombie!
The centaur warrior zombie is heavily damaged.
The centaur warrior zombie is knocked back by the mystic blast.
Okay, then.
You are confused.
You feel invigorated. The centaur warrior zombie hits you!
* * * LOW HITPOINT WARNING * * *
The centaur warrior zombie misses you.
An orc warrior comes into view. It is wielding a +0 mace.
The centaur warrior zombie hits you!
* * * LOW HITPOINT WARNING * * *
The centaur warrior zombie kicks you.
You die...
Your body crumbles into a pile of gold.

### #...# #.# #.#
#...######.# #.#
##..........# #.#
#...........## #.#
####.###..####..##
#.# ######....#
##.# ##..# ###
.......#### #.##
#### .....###
#..## .....# ##^@#
.....# ##Z# .....#
#####.# .....#
#.....#########
###..#
#.....##$$....####
##.#
#........####.....
#....##(.### .....
#..o.>.....##.# #
#....##.#.....#


You could see an orc warrior and a centaur warrior zombie.

Vanquished Creatures
  A two-headed ogre (D:9)
  A cyclops (D:9)
  An orc knight (Bailey)
  Joseph (D:8)
  Maggie (D:7)
  4 slime creatures
  2 wraiths (D:11)
  24 yaks
  4 wyverns (D:9)
  3 acid dragons
  A water moccasin (D:7)
  Duvessa (D:3)
  12 orc warriors
  3 necrophages
  4 centaurs
  A phantom (D:6)
  Blork the orc (D:5)
  7 kobold brigands
  A bullfrog (D:7)
  2 scorpions
  A gnoll sergeant (D:7)
  Dowan (D:3)
  A water moccasin skeleton (D:7)
  8 killer bees
  3 electric eels (D:6)
  3 howler monkeys (D:9)
  3 centaur zombies
  3 hounds
  3 jellies
  6 orc priests
  2 centaur skeletons
  2 iguanas
  Terence (D:2)
  Natasha (thrice) (D:3)
  A hound skeleton (D:4)
  3 howler monkey zombies
  Robin (D:2)
  2 howler monkey skeletons
  5 adders
  18 gnolls
  2 river rats (D:3)
  A shadow imp (D:5)
  A white imp (D:6)
  2 ufetubi
  An adder skeleton (D:4)
  3 worms
  3 dart slugs
  41 orcs
  9 ball pythons
  2 endoplasms (D:1)
  7 giant cockroaches
  15 goblins
  12 hobgoblins
  2 jackals (D:4)
  45 kobolds
  3 quokkas
  7 bats
  6 frilled lizards
  4 rats
  2 fulminant prisms
313 creatures vanquished.

Vanquished Creatures (collateral kills)
  A cyclops (D:11)
  3 vampire mosquitoes (D:11)
  2 killer bees (D:5)
  An orc (D:5)
7 creatures vanquished.

Vanquished Creatures (others)
  A killer bee (D:5)
  2 kobolds (D:10)
  58 fulminant prisms
  2 plants (D:3)
63 creatures vanquished.

Grand Total: 383 creatures vanquished

Notes
Turn   | Place    | Note
-------+----------+-------------------------------------------
     0 | D:1      | ooooo the Octopode Conjurer began the quest for the Orb.
     0 | D:1      | Reached XP level 1. HP: 11/11 MP: 3/3
   174 | D:1      | Reached XP level 2. HP: 6/17 MP: 1/5
  1564 | D:1      | Learned a level 2 spell: Searing Ray
  1574 | D:2      | Noticed Robin
  1584 | D:2      | Reached XP level 3. HP: 18/21 MP: 6/6
  2225 | D:2      | Killed Robin
  2310 | D:2      | Found a faded altar of an unknown god.
  2350 | D:2      | Reached XP level 4. HP: 22/27 MP: 7/7
  2423 | D:2      | Noticed Terence
  2429 | D:2      | Learned a level 3 spell: Mephitic Cloud
  2448 | D:2      | Killed Terence
  2449 | D:2      | Reached skill level 1 in Fighting
  3383 | D:3      | Noticed Natasha
  3390 | D:3      | Killed Natasha
  3391 | D:3      | Reached XP level 5. HP: 31/33 MP: 3/9
  3606 | D:3      | Noticed Natasha
  3610 | D:3      | Killed Natasha
  3623 | D:3      | Noticed Natasha
  3626 | D:3      | Killed Natasha
  3954 | D:3      | Found a white marble altar of Elyvilon.
  4369 | D:3      | Found a broken altar of Ashenzari.
  4386 | D:3      | Learned a level 4 spell: Fulminant Prism
  4418 | D:4      | Noticed an angel
  4419 | D:4      | Found a glowing silver altar of Zin.
  4475 | D:4      | Reached XP level 6. HP: 35/39 MP: 4/10
  4585 | D:4      | Noticed Duvessa
  4585 | D:4      | Noticed Dowan
  4600 | D:4      | Found a staircase to the Ecumenical Temple.
  4605 | D:4      | Noticed a necrophage
  4609 | Temple   | Entered the Ecumenical Temple
  4799 | Temple   | Became a worshipper of Gozag Ym Sagoz the Greedy
  5251 | D:4      | Reached skill level 5 in Conjurations
  5526 | D:4      | Reached skill level 5 in Stealth
  5804 | D:4      | Killed a necrophage
  5805 | D:4      | Reached XP level 7. HP: 38/45 MP: 1/12
  6067 | D:3      | Killed Duvessa
  6080 | D:3      | Killed Dowan
  6739 | D:5      | Entered Level 5 of the Dungeon
  6819 | D:5      | Noticed Blork the orc
  6832 | D:5      | Killed Blork the orc
  6916 | D:5      | Reached skill level 1 in Hexes
  6919 | D:5      | Reached XP level 8. HP: 34/52 MP: 0/14
  7857 | D:5      | Found a blossoming altar of Fedhas.
  7928 | D:5      | Learned a level 4 spell: Iskenderun's Mystic Blast
  8501 | D:6      | Noticed a yak
  8502 | D:6      | Noticed a yak
  8671 | D:6      | Noticed a yak
  8673 | D:6      | Noticed a yak
  8683 | D:6      | Noticed a yak
  8840 | D:6      | Noticed a yak
  8950 | D:6      | Killed a yak
  8951 | D:6      | Reached skill level 5 in Dodging
  8996 | D:6      | Killed a yak
  8997 | D:6      | Reached XP level 9. HP: 51/59 MP: 9/15
  9279 | D:6      | Reached skill level 5 in Fighting
 11106 | D:7      | Reached XP level 10. HP: 36/68 MP: 11/16
 11363 | D:7      | Noticed Maggie
 12294 | D:7      | Killed Maggie
 12614 | D:8      | Noticed Joseph
 12630 | D:8      | Killed Joseph
 12991 | D:8      | Found a bloodstained altar of Trog.
 13318 | D:8      | Found Leliw's Weapon Boutique.
 13464 | D:8      | Found a stormy altar of Qazlal.
 13691 | D:8      | Reached skill level 10 in Stealth
 14057 | D:8      | Found a runed translucent door.
 14283 | D:8      | Noticed a cyclops
 14396 | D:9      | Noticed a cyclops
 14734 | D:9      | Reached skill level 10 in Conjurations
 15056 | D:9      | Reached XP level 11. HP: 75/75 MP: 4/17
 15211 | D:9      | Noticed a two-headed ogre
 15728 | D:9      | Killed a cyclops
 16452 | D:9      | Killed a two-headed ogre
 16905 | D:10     | Entered Level 10 of the Dungeon
 17527 | D:10     | Found Resul's Demolitions Depot.
 17543 | D:10     | Found a flagged portal.
 17548 | Bailey   | Entered a bailey
 18183 | Bailey   | Noticed an orc knight
 18213 | Bailey   | Killed an orc knight
 19054 | D:10     | Noticed an obsidian statue
 19054 | D:10     | Found the -2 hat of the Alchemist {rElec rPois rF+ rC+ rN+
                  | Will+ rMut rCorr}
 19492 | D:10     | Found a staircase to the Orcish Mines.
 19613 | D:10     | Identified the +0 cloak of Plog {Will+}
 21990 | D:11     | Noticed a cyclops
 22013 | D:11     | Reached XP level 12. HP: 65/83 MP: 4/18
 22066 | D:11     | HP: 4/84 [centaur warrior zombie (10)]
 22066 | D:11     | Slain by a centaur warrior zombie

Illustrated notes

Levels and vault maps discovered:
D:1:      giann_wishing_wells, layout_loops_ring, solitary_fountain
D:2:      layout_basic, shapermc_ecumenical_altar_totnotflames,
          corexii_leaking_fountain, uniq_terence, uniq_robin
D:3:      layout_basic, marbit_many_paths, general_overflow_altar,
          portal_sewer_entry_b, serial_bayou_pond_c, uniq_natasha
D:4:      layout_cave_pools, zin_angel, minmay_temple_entry_mist, uniq_duvessa
D:5:      layout_gridville, fedhas_altar_fruit_tree, uniq_blork_the_orc
D:6:      minmay_goblin_kobold_castle, layout_gridville
D:7:      layout_loops_ring, uniq_maggie
D:8:      layout_rooms, mainiacjoe_overflow_paths, overflow_temple_1_default,
          serial_shops, nicolae_shop_temple_entry_statues_fountains,
          serial_corexii_hall, corexii_hall_statues_x, corexii_hall_statues_u,
          minmay_misc_feat_hallway, lightli_church_of_beogh, uniq_joseph
D:9:      layout_roguey, minmay_chambers_of_fives
D:10:     layout_small_grid, orc_0_dummy, enter_bailey_3, nicolae_blasting_shop,
          minmay_protected_statue
D:11:     layout_rooms, erik_lair_orcish_takeover, led_sif_book
Temple:   eino_temple_scatter_basement

Skill      XL: |  1  2  3  4  5  6  7  8  9 10 11 |
---------------+----------------------------------+-----
Stealth        | 3 4 5 6 7 9 10 12 | 12.4
Fighting       | 1 2 3 4 5 7 8 |  8.3
Dodging        | 3 4 5 6 7 8 |  8.8
Spellcasting   | 3 4 |  4.2
Conjurations   | 5 6 8 10 12 | 12.1
Hexes          | 1 |  1.8

Action                   |  1- 3 |  4- 6 |  7- 9 | 10-12 || total
-------------------------+-------+-------+-------+-------++-------
Melee: Unarmed           |    39 |       |       |       ||    39
       Constrict         |    17 |    29 |    45 |    41 ||   132
       Tentacles         |    13 |    24 |    49 |    73 ||   159
       Dagger            |    34 |   105 |    44 |       ||   183
       Punch             |     1 |     1 |     1 |     4 ||     7
       Short sword       |       |       |   129 |   245 ||   374
 Cast: Magic Dart        |    33 |    14 |     9 |       ||    56
       Searing Ray       |     2 |    19 |    13 |    18 ||    52
       Mephitic Cloud    |       |     2 |    37 |    68 ||   107
       Fulminant Prism   |       |     1 |     4 |    55 ||    60
       Iskenderun's Myst |       |       |     1 |    30 ||    31
Evoke: Wand              |       |       |       |    10 ||    10
  Use: Scroll            |       |     4 |    13 |     5 ||    22
       Potion            |       |       |     1 |     4 ||     5
 Stab: Sleeping          |     2 |     6 |     5 |     3 ||    16
       Confused          |       |     2 |    12 |    14 ||    28
       Distracted        |       |       |       |     2 ||     2
Armor: Skin              |    12 |     3 |    10 |    33 ||    58
Dodge: Dodged            |    65 |    66 |   112 |   198 ||   441
